Map: Glittering Ashes LE

Players

XDthermyDX (uThermal) - Winner!

  • Race: Terran Terran
  • League: Grandmaster

CuKu

  • Race: Terran Terran
  • League: Grandmaster

VOD

Have the link to the VOD?

Description

Time

  • Played on: Oct. 23, 2021, 6:05 a.m.
  • Length: 8:44
Show
View Real Time Build Order
Export as new Build Order

XDthermyDX Terran - Winner!

Build Orders:  

Get SALT Encoding   

  12  0:00  SCV  
  13  0:12  SCV  
  14  0:17  Supply Depot  
  14  0:24  SCV  
  15  0:39  SCV  
  15  0:40  Barracks  
  16  0:44  Refinery  
  16  0:51  SCV  
  17  0:58  Refinery  
  17  1:03  SCV  
  18  1:15  SCV  
  19  1:28  Orbital Command, Reaper  
  19  1:29  Supply Depot  
  20  1:43  Factory  
  20  1:53  SCV  
  21  2:00  Barracks Reactor  
  21  2:06  SCV  
  22  2:18  SCV  
  23  2:28  Command Center  
  23  2:29  Hellion  
  25  2:31  SCV  
  25  2:36  Reaper x2  
  28  2:43  SCV  
  29  2:46  Supply Depot  
  29  2:50  Hellion  
  31  3:05  Starport  
  31  3:08  Reaper x2, SCV  
  34  3:13  Hellion  
  36  3:20  SCV  
  36  3:27  Refinery  
  37  3:32  SCV  
  38  3:36  Factory Tech Lab  
  38  3:40  Orbital Command, Marine x2  
  40  3:44  SCV  
  41  3:53  Starport Tech Lab  
  41  3:55  Cyclone  
  44  3:57  SCV  
  44  3:58  Marine x2  
  47  4:05  Supply Depot  
  47  4:06  SCV  
  48  4:11  Raven  
  49  4:18  Marine x2  
  49  4:19  SCV x2  
  53  4:28  Supply Depot  
  53  4:30  Siege Tank  
  56  4:31  SCV  
  56  4:33  SCV  
  56  4:35  Marine  
  56  4:37  Marine  
  60  4:43  Supply Depot  
  60  4:44  SCV  
  62  4:45  SCV  
  62  4:53  Marine  
  62  4:54  Raven, Marine  
  62  4:56  SCV  
  62  4:58  SCV  
  68  5:04  Siege Tank  
  68  5:05  Supply Depot  
  71  5:09  SCV  
  71  5:10  SCV  
  71  5:13  Marine x2  
  75  5:21  SCV  
  76  5:22  SCV  
  76  5:24  Command Center  
  77  5:30  Refinery, Supply Depot  
  77  5:33  SCV  
  77  5:34  SCV  
  79  5:40  Siege Tank  
  82  5:45  SCV  
  82  5:46  SCV  
  84  5:51  Viking x2  
  84  5:54  Marine  
  89  5:57  SCV  
  89  5:58  Stimpack, SCV  
  91  6:05  Supply Depot  
  91  6:09  SCV  
  91  6:10  SCV  
  93  6:12  Marine  
  93  6:16  Supply Depot x2  
  94  6:23  SCV  
  94  6:27  Viking x2, Siege Tank, SCV  
  101  6:34  Marine  
  101  6:35  SCV  
  101  6:39  SCV  
  97  6:47  SCV  
  97  6:51  Marine, SCV  
  99  6:57  Viking x2  
  99  6:59  SCV  
  104  7:03  SCV  
  105  7:10  Marine  
  105  7:11  SCV  
  105  7:12  Siege Tank  
  110  7:15  SCV  
  112  7:23  SCV  
  112  7:25  Orbital Command  
  112  7:27  Viking x2  
  112  7:28  Marine, SCV  
  118  7:35  SCV  
  119  7:38  Supply Depot  
  119  7:40  SCV  
  120  7:44  Siege Tank  
  120  7:46  Marine  
  120  7:47  SCV  
  125  7:52  SCV  
  125  7:57  Viking x2  
  130  7:59  SCV  
  130  8:01  SCV  
  130  8:04  Supply Depot, Marine  
  133  8:06  SCV  
  134  8:14  SCV  
  134  8:16  Barracks  
  134  8:17  Barracks  
  138  8:20  SCV  
  138  8:21  Marine  
  138  8:24  SCV  
Show
View Real Time Build Order
Export as new Build Order

CuKu Terran 

Build Orders: Cyclone Opening 

Get SALT Encoding   

  12  0:00  SCV  
  13  0:15  SCV  
  13  0:18  Supply Depot  
  14  0:27  SCV  
  15  0:40  SCV  
  16  0:42  Barracks  
  16  0:48  Refinery  
  16  0:52  SCV  
  17  0:57  Refinery  
  17  1:04  SCV  
  18  1:16  SCV  
  19  1:30  Orbital Command, Reaper  
  19  1:32  Supply Depot  
  20  1:47  Factory  
  20  1:57  SCV  
  21  2:02  Reaper  
  22  2:09  SCV  
  23  2:22  SCV  
  24  2:24  Command Center  
  24  2:30  Factory Tech Lab  
  24  2:34  SCV  
  25  2:39  Barracks Reactor  
  25  2:41  Supply Depot  
  25  2:46  SCV  
  25  2:50  Cyclone  
  30  2:58  SCV  
  30  2:59  Starport  
  30  3:13  SCV  
  30  3:16  Marine x2  
  33  3:22  Cyclone  
  36  3:28  SCV  
  37  3:36  Orbital Command  
  37  3:37  Refinery  
  37  3:38  Marine  
  37  3:40  Medivac, SCV  
  41  3:52  SCV  
  42  3:57  Siege Tank  
  45  4:03  SCV  
  45  4:04  SCV  
  45  4:08  Supply Depot, Marine x2  
  48  4:20  Starport Tech Lab  
  48  4:21  SCV  
  49  4:26  Marine x2  
  49  4:30  Siege Tank  
  54  4:31  SCV  
  54  4:35  SCV  
  54  4:37  Supply Depot  
  56  4:44  Raven  
  58  4:47  Marine x2  
  58  4:49  SCV  
  61  4:54  SCV  
  62  5:02  SCV  
  62  5:03  Siege Tank  
  66  5:08  Marine x2  
  66  5:09  SCV  
  69  5:17  SCV  
  70  5:23  Supply Depot, Command Center  
  70  5:25  Supply Depot  
  70  5:38  Supply Depot  
  70  5:44  Raven, Marine x2  
  70  5:45  Siege Tank, SCV  
  70  5:48  Supply Depot  
  78  5:50  SCV  
  78  5:52  Refinery, Supply Depot  
  78  5:56  Supply Depot  
  79  5:57  SCV  
  79  6:02  Marine x2, SCV  
  83  6:10  Supply Depot  
  83  6:17  Siege Tank, SCV  
  87  6:20  Marine x2  
  89  6:31  Raven  
  83  6:35  SCV  
  83  6:37  SCV  
  85  6:41  Orbital Command  
  85  6:44  Barracks  
  85  6:45  Barracks  
  85  6:47  SCV  
  85  6:49  Siege Tank, SCV  
  85  6:50  Marine x2  
  90  6:57  Engineering Bay x2  
  90  6:59  SCV  
  92  7:08  SCV  
  92  7:12  Orbital Command, SCV  
  93  7:20  SCV  
  94  7:23  Siege Tank  
  94  7:24  SCV  
  98  7:31  Viking x2  
  98  7:32  Barracks Reactor  
  98  7:33  Barracks Reactor  
  98  7:36  SCV  
  103  7:43  Marine  
  104  7:45  SCV  
  104  7:46  SCV  
  104  7:49  SCV  
  107  7:57  Siege Tank, SCV  
  111  7:58  SCV  
  111  7:59  Bunker  
  111  8:01  Marine  
  111  8:02  SCV  
  116  8:11  Marine x4, Bunker  
  120  8:15  SCV  
  120  8:19  Marine, Bunker  
Tags
 
Add a new tag
Caveats
  • Supply blocks, unpowered buildings, or Contaminate may cause inaccurate times.
  • Supply counts are checked every 10 seconds.